 Dungeon Crawl Stone Soup version 0.26-a0-667-g92642533e4 (webtiles) character file.

Game seed: 1728126304821440321

15071 lunkers the Cleaver (level 12, -1/86 (87) HPs)
             Began as an Octopode Fighter on Oct 16, 2020.
             Was a Priest of the Shining One.
             Slain by a seven-headed hydra (13 damage)
             ... on level 1 of the Lair of Beasts.
             The game lasted 00:26:01 (18346 turns).

lunkers the Cleaver (Octopode Fighter)             Turns: 18346, Time: 00:26:02

HP:   -1/86 (87)    AC:  3    Str: 15    XL:     12   Next: 23%
MP:   0/15          EV: 12    Int: 14    God:    the Shining One [***...]
Gold: 813           SH: 11    Dex: 13    Spells: 11/11 levels left

rFire    . . .     SeeInvis .   b - +7 eveningstar
rCold    . . .     Faith    .   A - +1 kite shield
rNeg     + . .     Spirit   +   I - +2 hat
rPois    .         Reflect  .   r - amulet of guardian spirit
rElec    .         Harm     .   (no ring)
rCorr    .         Rampage  .   (no ring)
MR       .....                  (no ring)
Stlth    +.........             (no ring)
HPRegen  0.24/turn              (no ring)
MPRegen  0.14/turn              (no ring)
                                (no ring)
                                (no ring)

@: about to teleport, glowing
A: almost no armour, stealthy swim, amphibious, 8 rings, constrict 8, camouflage
1, gelatinous body 1
a: Divine Shield, Renounce Religion


You were on level 1 of the Lair of Beasts.
You worshipped the Shining One.
The Shining One was most pleased with you.
You visited 2 branches of the dungeon, and saw 14 of its levels.

You collected 813 gold pieces.

Inventory:

Hand Weapons
 a - a +1 war axe
 b - a +7 eveningstar (weapon)
 J - the +3 hunting sling "Teumiliq" {venom, rN+}
   (You found it on level 1 of the Lair of Beasts)

   It poisons the ammo it fires.
   It protects you from negative energy.
Missiles
 p - 3 atropa-tipped darts {=f}
Armour
 A - a +1 kite shield (worn)
 I - a +2 hat (worn)
Jewellery
 f - an uncursed amulet of the acrobat
 m - an uncursed ring of fire
 r - an amulet of guardian spirit (around mantle)
 D - an uncursed amulet of regeneration
 G - an uncursed ring of ice
Wands
 d - a wand of iceblast (10)
 n - a wand of enslavement (6)
 u - a wand of acid (19)
 x - a wand of flame (18)
 y - a wand of digging (8)
 C - a wand of polymorph (16)
Scrolls
 c - 2 scrolls of enchant weapon
 g - 4 scrolls of fog
 h - 6 scrolls of teleportation
 j - 4 scrolls of magic mapping
 l - 4 scrolls of identify
 o - 3 scrolls of remove curse
 q - 3 scrolls of enchant armour
 v - 2 scrolls of blinking
 B - a scroll of fear
 F - 4 scrolls of amnesia
Potions
 e - a potion of ambrosia
 i - 2 potions of cancellation
 k - a potion of mutation
 s - 3 potions of haste
 t - 2 potions of invisibility
 w - 2 potions of brilliance
 z - 4 potions of flight
 H - a potion of might
Miscellaneous
 E - a lightning rod (2/4)


   Skills:
 + Level 9.9 Fighting
 - Level 11.7(12.9) Axes
 * Level 9.4(11.8) Maces & Flails
 - Level 3.0 Dodging
 + Level 6.2 Shields
 + Level 4.5 Invocations
 - Level 5.0 Evocations


You had 11 spell levels left.
You didn't know any spells.
Your spell library contained the following spells:

 Spells                   Type           Power        Failure   Level
 Animate Skeleton         Necr           #.....       65%         1
 Apportation              Tloc           #.....       65%         1
 Corona                   Hex            #......      65%         1
 Summon Small Mammal      Summ           #...         65%         1
 Call Imp                 Summ           #.......     80%         2
 Call Canine Familiar     Summ           #.......     95%         3
 Summon Guardian Golem    Hex/Summ       #.......     95%         3
 Summon Ice Beast         Ice/Summ       #.......     100%        4
 Summon Lightning Spire   Summ/Air       #.......     100%        4


Dungeon Overview and Level Annotations

Branches:
Dungeon (12/15)            Temple (0/1) D:5            Lair (2/6) D:10
    Orc (0/2) D:12
  Swamp: Lair:2-4    Shoals: Lair:2-4     Snake: Lair:2-4    Spider: Lair:2-4

Altars:
Dithmenos
Fedhas
Nemelex Xobeh
Okawaru
Qazlal
Ru
Uskayaw
Wu Jian
Xom
Yredelemnul
The Shining One

Shops:
D:5 *?*   D:11 :

Annotations:
Lair:1 exclusion: oklob plant


Innate Abilities, Weirdness & Mutations

You cannot wear most types of armour.
You are very stealthy in the water. (Stealth+)
You are amphibious.
You can wear up to eight rings at the same time.
You can use your tentacles to constrict eight enemies at once.
Your skin changes colour to match your surroundings (Stealth+).
Your rubbery body absorbs attacks. (AC +1, EV +1)


Message History

The seven-headed hydra bites you!
* * * LOW HITPOINT WARNING * * *
You block the cane toad's attack.
You climb upwards.
Level annotation: exclusion: oklob plant
There is a stone staircase leading down here.
Unknown command.
Unknown command.
Unknown command.
As you read the scroll of teleportation, it crumbles to dust.
You feel strangely unstable. The seven-headed hydra bites you!
* * * LOW MAGIC WARNING * * *
* * * LOW HITPOINT WARNING * * *
The seven-headed hydra bites you!
* * * LOW MAGIC WARNING * * *
* * * LOW HITPOINT WARNING * * *
You block the seven-headed hydra's attack.
The seven-headed hydra bites you!
* * * LOW MAGIC WARNING * * *
You die...

........# #.# #.# ........# #.#
##.. .######## #.# #..# .## #.#
##.## ..# #.# #..# ..# ####.##
##.## #.# ###.#...##### ##..###
#'#### #...........# #......
.....# ###...@D......###......
.....## ##.'..F.........#.......
......####..#....................
.?...+.....##...........+.#......
...?.########...........###......
.$....# ##########.## #...>..
.....## ##.#P#..# ######+ .....#
#......## #. ..###### #.###### ##


You could see a seven-headed hydra and a cane toad.

Vanquished Creatures
  Gastronok (D:9)
  A hydra (D:11)
  A centaur warrior (D:12)
  A two-headed ogre (D:8)
  Urug (D:10)
  An unseen horror (D:12)
  An ugly thing (D:11)
  A manticore (D:12)
  Psyche (D:8)
  A gargoyle (D:10)
  Maggie (Lair:1)
  A cane toad (Lair:1)
  A komodo dragon (Lair:1)
  A troll (D:10)
  A polar bear (Lair:1)
  A queen bee (D:10)
  4 blink frogs (Lair:2)
  A shadow (D:12)
  A wraith (D:8)
  3 water moccasins
  A soldier ant (D:11)
  Edmund (D:4)
  A phantom (D:4)
  5 orc warriors
  4 ice beasts
  A necrophage (D:10)
  2 sky beasts
  An ogre (D:5)
  5 wolves (Lair:1)
  4 centaurs
  A gnoll sergeant (D:9)
  6 bullfrogs
  A wyvern zombie (D:7)
  A wyvern skeleton (D:8)
  3 scorpions
  26 killer bees
  A water moccasin skeleton (D:9)
  5 wights (D:10)
  4 howler monkeys
  3 electric eels (D:9)
  A centaur zombie (D:7)
  2 quasits
  A bullfrog skeleton (D:6)
  2 centaur skeletons
  9 orc wizards
  5 orc priests
  A hound (D:9)
  A jelly (D:11)
  7 iguanas
  11 worker ants
  A killer bee zombie (D:9)
  3 hound zombies (D:6)
  A worker ant zombie (D:7)
  A howler monkey skeleton (D:7)
  15 gnolls
  17 adders
  3 shadow imps
  A white imp (D:5)
  2 ufetubi
  2 adder zombies
  An adder skeleton (D:6)
  4 worms
  2 dart slugs
  4 leopard geckos
  50 orcs
  2 ball pythons (D:3)
  9 bats
  5 giant cockroaches
  11 goblins
  10 hobgoblins
  12 jackals
  2 quokkas
  3 frilled lizards
  6 kobolds
  A leopard gecko skeleton (D:4)
  2 quokka skeletons
  13 rats
324 creatures vanquished.

Vanquished Creatures (others)
  13 fungi
  16 plants
29 creatures vanquished.

Grand Total: 353 creatures vanquished

Notes
Turn   | Place    | Note
-------+----------+-------------------------------------------
     0 | D:1      | lunkers the Octopode Fighter began the quest for the Orb.
     0 | D:1      | Reached XP level 1. HP: 16/16 MP: 1/1
   158 | D:1      | Reached XP level 2. HP: 21/21 MP: 2/2
   521 | D:1      | Reached XP level 3. HP: 26/26 MP: 3/3
   718 | D:2      | Reached skill level 3 in Axes
  1122 | D:2      | Reached XP level 4. HP: 31/31 MP: 4/4
  1462 | D:2      | Found an iron altar of Okawaru.
  1587 | D:2      | Found an ornate altar of the Wu Jian Council.
  1955 | D:3      | Reached XP level 5. HP: 28/37 MP: 5/5
  1967 | D:3      | Found a shimmering altar of Xom.
  1970 | D:3      | Reached skill level 4 in Axes
  2581 | D:3      | Reached XP level 6. HP: 41/43 MP: 6/6
  3370 | D:4      | Noticed a phantom
  3420 | D:4      | Killed a phantom
  3420 | D:4      | Reached skill level 5 in Axes
  3576 | D:4      | Found a sparkling altar of Nemelex Xobeh.
  3619 | D:4      | Found a glowing golden altar of the Shining One.
  3644 | D:4      | Became a worshipper of the Shining One
  3755 | D:4      | Found a shadowy altar of Dithmenos.
  3784 | D:4      | Reached XP level 7. HP: 37/49 MP: 5/7
  4243 | D:4      | Noticed Edmund
  4251 | D:4      | Killed Edmund
  4251 | D:4      | Reached skill level 5 in Fighting
  4251 | D:4      | Reached skill level 6 in Axes
  4525 | D:5      | Entered Level 5 of the Dungeon
  4864 | D:5      | Found Jayf's Magic Scroll Shoppe.
  4899 | D:5      | Found Mibieph's General Store.
  5088 | D:5      | Reached XP level 8. HP: 44/56 MP: 5/8
  5266 | D:5      | Found a staircase to the Ecumenical Temple.
  5337 | D:5      | Reached skill level 7 in Axes
  5476 | D:5      | Found Voesiul's General Store.
  5727 | D:6      | Reached * piety under the Shining One
  5895 | D:6      | Reached skill level 8 in Axes
  5996 | D:6      | Found a sacrificial altar of Ru.
  6388 | D:6      | Found a glowing golden altar of the Shining One.
  6866 | D:7      | Reached skill level 9 in Axes
  6866 | D:7      | Reached XP level 9. HP: 55/63 MP: 6/9
  6956 | D:7      | Found a hide-covered altar of Uskayaw.
  6995 | D:7      | HP: 2/96 [killer bee (4)]
  8492 | D:8      | Reached ** piety under the Shining One
  8634 | D:8      | Reached skill level 10 in Axes
  8778 | D:8      | Found a basalt altar of Yredelemnul.
  9090 | D:8      | Noticed a two-headed ogre
  9100 | D:8      | Killed a two-headed ogre
  9100 | D:8      | Reached skill level 11 in Axes
  9100 | D:8      | Reached XP level 10. HP: 49/73 MP: 5/10
  9353 | D:8      | Noticed Psyche
  9359 | D:8      | Killed Psyche
 10052 | D:9      | Found a stormy altar of Qazlal.
 10527 | D:9      | Noticed Gastronok
 11038 | D:9      | Found a blossoming altar of Fedhas.
 11169 | D:10     | Entered Level 10 of the Dungeon
 11298 | D:10     | Found a staircase to the Lair.
 11324 | D:10     | Noticed Urug
 11686 | D:10     | Reached *** piety under the Shining One
 11709 | D:10     | Reached skill level 1 in Evocations
 11711 | D:10     | Reached skill level 1 in Invocations
 11720 | D:10     | HP: 1/74 [killer bee (3)]
 11726 | D:10     | HP: 2/111 [poisoned by a killer bee]
 11731 | D:10     | HP: 1/111 [poisoned by a killer bee]
 11738 | D:10     | HP: 1/111 [poisoned by a killer bee]
 11746 | D:10     | HP: 1/111 [poisoned by a killer bee]
 12088 | D:10     | Noticed a gargoyle
 12099 | D:10     | Killed a gargoyle
 12364 | D:10     | Reached skill level 5 in Shields
 12595 | D:11     | Noticed a five-headed hydra
 12975 | D:10     | Killed Urug
 12975 | D:10     | Reached XP level 11. HP: 50/79 MP: 4/13
 13124 | D:10     | Reached skill level 1 in Maces & Flails
 14200 | D:11     | Found Asuduck's Book Emporium.
 14209 | D:11     | Killed a five-headed hydra
 14501 | D:11     | Noticed a white ugly thing
 14509 | D:11     | Killed a white ugly thing
 14926 | D:12     | Noticed a manticore
 14940 | D:12     | Killed a manticore
 14940 | D:12     | Reached skill level 5 in Maces & Flails
 15361 | D:12     | Noticed a centaur warrior
 15373 | D:12     | Killed a centaur warrior
 15373 | D:12     | Reached skill level 5 in Evocations
 15657 | D:12     | Noticed an unseen horror
 15662 | D:12     | Killed an unseen horror
 16180 | D:12     | Found a staircase to the Orcish Mines.
 16641 | D:9      | Killed Gastronok
 16805 | Lair:1   | Entered Level 1 of the Lair of Beasts
 16848 | Lair:1   | Reached XP level 12. HP: 76/86 MP: 11/14
 17109 | Lair:1   | Noticed Maggie
 17116 | Lair:1   | Killed Maggie
 17558 | Lair:1   | Got an ancient hunting sling
 17559 | Lair:1   | Identified the cursed +3 hunting sling "Teumiliq" {venom,
                  | rN+} (You found it on level 1 of the Lair of Beasts)
 18062 | Lair:2   | Noticed a seven-headed hydra
 18346 | Lair:1   | Slain by a seven-headed hydra

Illustrated notes

Levels and vault maps discovered:
D:1:      psy_arrival_statuary, layout_basic
D:2:      layout_rooms, marbit_many_paths, okawaru_trees_2
D:3:      layout_loops_cross, lemuel_round_altar, portal_sewer_entry_b,
          st_stairs_11, minmay_misc_feat_cross
D:4:      layout_basic, nicolae_dithmenos_the_darkroom, nemelex_altar_shiori,
          nicolae_tso_carved_into_rock, uniq_edmund
D:5:      layout_cave_pools, minmay_temple_entry_statues_pillars, serial_shops,
          shop, shop, nicolae_shop_temple_entry_statues_fountains
D:6:      layout_cave_pools, overflow_temple_1_default, lemuel_doored_altar
D:7:      layout_cave_pods, basic_altar
D:8:      layout_basic, overflow_temple_1_default, uniq_psyche
D:9:      layout_loops_corners, fedhas_altar_3, lemuel_crystal_altar,
          water_maze_lemuel, uniq_gastronok
D:10:     layout_roguey [special_room_bee], dpeg_oklobed_lair,
          serial_park_tiny_pond, uniq_urug
D:11:     layout_stronghold, serial_shops, shop, minmay_misc_feat_encased
D:12:     layout_basic, hiddenorc2_lemuel, minivault_1
Lair:1:   layout_roguey, minmay_lair_oklob_bushes, uniq_maggie
Lair:2:   layout_chaotic_city, minivault_26

Skill      XL: |  1  2  3  4  5  6  7  8  9 10 11 12 |
---------------+-------------------------------------+-----
Axes           | 3 4 5 6 9 11 | 11.7
Fighting       | 4 5 6 8 9 |  9.9
Shields        | 4 5 6 |  6.2
Evocations     | 3 5 |  5.0
Invocations    | 3 4 |  4.5
Maces & Flails | 8 9 |  9.4
Dodging        | |  3.0

Action                   |  1- 3 |  4- 6 |  7- 9 | 10-12 || total
-------------------------+-------+-------+-------+-------++-------
Melee: War axe           |    57 |   133 |   247 |   184 ||   621
       Constrict         |    16 |    28 |    50 |    55 ||   149
       Tentacles         |    11 |    18 |    49 |    42 ||   120
       Eveningstar       |       |       |       |   189 ||   189
Throw: Dart              |       |     1 |       |       ||     1
Invok: Divine Shield     |       |       |       |     8 ||     8
Evoke: Wand              |       |       |     1 |    14 ||    15
       Lightning rod     |       |       |       |     4 ||     4
  Use: Scroll            |       |       |     9 |    18 ||    27
       Potion            |       |       |     3 |    10 ||    13
 Stab: Sleeping          |     2 |     9 |       |       ||    11
Armor: Skin              |     5 |     3 |    49 |    72 ||   129
Dodge: Dodged            |    27 |    70 |   174 |   151 ||   422
Block: Kite shield       |    28 |    52 |       |   196 ||   276
       Buckler           |       |     2 |    52 |    11 ||    65

Table legend: (Time is in decaauts)
 A = Elapsed time spent in this place.
 B = Non-inter-level travel time spent in this place.
 C = Inter-level travel time spent in this place.
 D = Time resting spent in this place.
 E = Time spent auto-exploring this place.
 F = Levels seen in this place.
 G = Mean time per level.
                   A        B        C        D        E       F      G
               +--------+--------+--------+--------+--------+-----+--------+
         Total |  18444 |  18011 |    433 |    963 |  14678 |  14 | 1317.4 |
       Dungeon |  16904 |  16517 |    387 |    694 |  13605 |  12 | 1408.7 |
          Lair |   1540 |   1495 |     45 |    269 |   1073 |   2 |  770.0 |
               +--------+--------+--------+--------+--------+-----+--------+

Top non-repeatable levels by time:
    D:10: 2266 daAuts
     D:8: 1783 daAuts
     D:9: 1643 daAuts
     D:7: 1537 daAuts
     D:4: 1523 daAuts
    D:12: 1520 daAuts
  Lair:1: 1490 daAuts
    D:11: 1398 daAuts
     D:3: 1352 daAuts
     D:5: 1175 daAuts
     D:2: 1005 daAuts
     D:6: 980 daAuts
     D:1: 717 daAuts
  Lair:2: 49 daAuts
